 Dungeon Crawl Stone Soup version 0.24.0-123-gd5b16e6ec5 (webtiles) character file.

Game seed: 8722348634267225732, levelgen mode: deterministic

134 Martska the Charmwright (level 5, 0/41 HPs)
             Began as a Human Skald on Feb 11, 2020.
             Succumbed to an adder's poison
             ... on level 3 of the Dungeon.
             The game lasted 00:10:14 (4054 turns).

Martska the Charmwright (Human Skald)               Turns: 4054, Time: 00:10:15

Health: 0/41       AC:  3    Str: 12    XL:     5   Next: 40%
Magic:  16/17      EV: 12    Int: 13    God:
Gold:   112        SH:  0    Dex: 13    Spells: 2/8 levels left

rFire    . . .     SeeInvis .   a - +0 falchion
rCold    . . .     Gourm    .   (no shield)
rNeg     . . .     Faith    .   b - +0 leather armour
rPois    .         Spirit   .   (no helmet)
rElec    .         Reflect  .   (no cloak)
rCorr    .         Harm     .   (no gloves)
MR       .....                  (no boots)
Stlth    +.........             j - amulet of the acrobat
HPRegen  0.13/turn              k - ring of magical power
MPRegen  0.15/turn              (no ring)

@: lethally poisoned (0 -> -14), infused (expiring)
A: no striking features
a: no special abilities


You were on level 3 of the Dungeon.
You were hungry.

You visited 1 branch of the dungeon, and saw 3 of its levels.

You collected 112 gold pieces.

Inventory:

Hand Weapons
 a - a +0 falchion (weapon)
Armour
 b - a +0 leather armour (worn)
Jewellery
 j - an amulet of the acrobat (around neck)
 k - a ring of magical power (left hand)
Scrolls
 c - 5 scrolls of enchant armour {unknown}
 e - 3 scrolls of remove curse {unknown}
 f - a scroll of identify {unknown}
 h - a scroll of enchant weapon {unknown}
 m - a scroll of noise {unknown}
 n - a scroll of immolation {unknown}
 p - a scroll of blinking {unknown}
Potions
 g - a potion of lignification {unknown}
 i - 4 potions of curing {unknown}
 l - a potion of heal wounds {unknown}
 o - a potion of berserk rage {unknown}
 q - 2 potions of brilliance {unknown}
Comestibles
 d - 2 rations


   Skills:
 * Level 3.2 Fighting
 * Level 2.7 Long Blades
 + Level 1.7 Armour
 + Level 2.4 Dodging
 + Level 2.3 Spellcasting
 + Level 0.7 Hexes
 + Level 3.3 Charms
 + Level 0.8 Translocations


You had 2 spell levels left.
You knew the following spells:

 Your Spells              Type           Power        Failure   Level  Hunger
a - Infusion              Chrm           ##..         8%          1    #......
b - Shroud of Golubria    Chrm/Tloc      #.....       21%         2    ###....
c - Spectral Weapon       Hex/Chrm       #.......     38%         3    ###....

Your spell library contained the following spells:

 Spells                   Type           Power        Failure   Level  Hunger
 Song of Slaying          Chrm           ##......     12%         2    ###....
 Regeneration             Chrm/Necr      #.........   43%         3    ###....


Dungeon Overview and Level Annotations

Branches:
Dungeon (3/15)

Altars:


Message History

* * * LOW HITPOINT WARNING * * *
You are lethally poisoned!
The adder poisons you!
You barely miss the adder.
The adder is severely wounded.
* * * LOW HITPOINT WARNING * * *
You feel sick. The adder bites you.
* * * LOW HITPOINT WARNING * * *
The adder bites you.
* * * LOW HITPOINT WARNING * * *
You are more poisoned.
The adder poisons you!
You barely miss the adder.
The adder is severely wounded.
Your magical infusion is running out.
* * * LOW HITPOINT WARNING * * *
You feel sick. The adder completely misses you.
You miss the adder.
The adder is severely wounded.
You die...

## #.#..# #.#..#
..#..#
#####..#########
................#
.#####.###.####.#
##.# #...#.####
.#.#
#.#......#.##
...#
#.###..@S...#
...# #. #.##....#
...#### #. ....
....# #......
.%##.# #.#.# ...#
#. #.. ## # ...#
# #.. #..# ##
#..# #..#


You could see an adder.

Vanquished Creatures
  5 adders
  3 worms
  A dart slug (D:1)
  3 leopard geckos
  2 orcs (D:3)
  10 bats
  3 giant cockroaches
  7 goblins
  8 hobgoblins
  10 jackals
  5 kobolds
  A ball python (D:2)
  5 frilled lizards
  5 rats
68 creatures vanquished.

Notes
Turn   | Place    | Note
-------+----------+-------------------------------------------
     0 | D:1      | Martska the Human Skald began the quest for the Orb.
     0 | D:1      | Reached XP level 1. HP: 16/16 MP: 3/3
    87 | D:1      | Reached XP level 2. HP: 22/23 MP: 5/5
   484 | D:1      | Reached XP level 3. HP: 22/28 MP: 0/6
   833 | D:1      | Learned a level 2 spell: Shroud of Golubria
   837 | D:1      | Learned a level 3 spell: Spectral Weapon
  1194 | D:2      | Reached XP level 4. HP: 29/34 MP: 7/7
  3156 | D:3      | Reached XP level 5. HP: 35/41 MP: 8/8
  3492 | D:3      | HP: 2/41 [poisoned by an adder]
  4052 | D:3      | HP: 2/41 [adder (2)]
  4054 | D:3      | Succumbed to an adder's poison

Levels and vault maps discovered:
D:1:      dpeg_arrival_rooms_c, layout_rooms
D:2:      layout_loops_cross
D:3:      layout_loops_cross, corexii_item_surrounded_by_moat, roderic_lattice_a

Skill      XL: |  1  2  3  4 |
---------------+-------------+-----
Fighting       | 3 |  3.2
Long Blades    | |  2.7
Armour         | |  1.7
Dodging        | |  2.4
Spellcasting   | |  2.3
Hexes          | |  0.7
Charms         | |  3.3
Translocations | |  0.8

Action                   |  1- 3 |  4- 6 || total
-------------------------+-------+-------++-------
Melee: Falchion          |   100 |   154 ||   254
 Cast: Infusion          |     4 |     4 ||     8
  Eat: Ration            |       |     2 ||     2
       Chunk             |       |     3 ||     3
Armor: Leather armour    |    30 |    31 ||    61
Dodge: Dodged            |    94 |    95 ||   189
       Rpst.: Falchion   |    37 |    36 ||    73
